 Dungeon Crawl Stone Soup version 0.30.0-29-ga12c61a403 (webtiles) character file.

Game seed: 16044154083648290212

762 cdecastro the Shield-Bearer (level 7, -15/67 HPs)
             Began as a Troll Fighter on June 14, 2023.
             Demolished by Pikel
             ... wielding a +0 whip of electrocution
              (18 damage)
             ... on level 3 of the Dungeon.
             The game lasted 00:05:56 (2479 turns).

cdecastro the Shield-Bearer (Troll Fighter)         Turns: 2479, Time: 00:05:56

Health: -15/67     AC:  4    Str: 27    XL:     7   Next: 51%
Magic:  0/6        EV:  9    Int:  4    God:
Gold:   198        SH:  9    Dex:  9    Spells: 6/6 levels left

rFire   . .          .
                       - Unarmed
rCold   . . .        b - +0 kite shield
rNeg    . . .        a - +0 robe
rPois   .            (helmet restricted)
rElec   .            (no cloak)
rCorr   .            (gloves unavailable)
SInv    .            (boots unavailable)
Will    .....        f - amulet of guardian spirit
Stlth   +            (no ring)
HPRegen 1.11/turn    (no ring)
MPRegen 0.10/turn

%: guardian spirit
@: no status effects
A: large, unfitting armour, claws 3, regeneration 1, shaggy fur 1, tough skin 1
a: no special abilities


You were on level 3 of the Dungeon.
You visited 1 branch of the dungeon, and saw 4 of its levels.

You collected 198 gold pieces.

Inventory:

Missiles
 e - 4 javelins (quivered)
 r - 4 large rocks
Armour
 a - a +0 robe (worn)
 b - a +0 kite shield (worn)
Jewellery
 f - an amulet of guardian spirit (around neck)
Scrolls
 g - 3 scrolls of teleportation {unknown}
 h - 5 scrolls of identify {unknown}
 j - 2 scrolls of enchant armour {unknown}
 k - a scroll of noise {unknown}
 l - a scroll of silence {unknown}
 m - a scroll of butterflies {unknown}
 n - a scroll of magic mapping {unknown}
 p - a scroll of brand weapon {unknown}
 s - a scroll of vulnerability {unknown}
Potions
 c - 2 potions of might
 d - a potion of brilliance {unknown}
 i - a potion of ambrosia {unknown}
 o - a potion of berserk rage {unknown}
 q - a potion of magic {unknown}
 t - a potion of lignification {unknown}
 u - a potion of invisibility {unknown}


   Skills:
 - Level 3.2 Fighting
 - Level 2.4 Dodging
 + Level 6.5 Shields
 - Level 5.0 Unarmed Combat


You had 6 spell levels left.
You didn't know any spells.
Your spell library contained the following spells:

 Spells                   Type           Power      Damage    Failure   Level
 Inner Flame              Hex/Fire       0%         N/A       97%         3
 Blade Hands              Tmut           0%         N/A       100%        5
 Irradiate                Conj/Tmut      0%         3d11      100%        5
 Yara's Violent Unravell  Hex/Tmut       0%         3d3       100%        5
 Dragon Form              Tmut           0%         N/A       100%        7
 Enfeeble                 Hex            0%         N/A       100%        7


Dungeon Overview and Level Annotations

Branches:
Dungeon (4/15)
 Temple: D:4-7

Altars:

Shops:
D:4 [

Annotations:
D:3 Pikel


Innate Abilities, Weirdness & Mutations

You are too large for most types of armour.
You have claws for hands.
Your natural rate of healing is unusually fast.
You are covered in fur. (AC +1)
You have tough skin. (AC +1)


Message History

The lemure is heavily wounded.
The lemure hits you!
You claw the lemure!
The lemure is almost dead.
The lemure hits you!
You miss the lemure.
The lemure is almost dead.
You block the lemure's attack.
You claw the lemure!
You kill the lemure!
That felt strangely unrewarding.
You scratch Pikel but do no damage. You block Pikel's attack.
You closely miss Pikel. You block Pikel's attack.
You barely miss Pikel.
Pikel hits you with a +0 whip of electrocution.
You are electrocuted!
* * * LOW HITPOINT WARNING * * *
You barely miss Pikel. Pikel barely misses you.
You closely miss Pikel.
Pikel cracks his whip.
Pikel hits you but does no damage. You block Pikel's attack.
You barely miss Pikel.
Pikel says, "You'll feel the lick of my whip!"
Pikel hits you with a +0 whip of electrocution!
* * * LOW HITPOINT WARNING * * *
You are electrocuted!
* * * LOW HITPOINT WARNING * * *
You completely miss Pikel.
Pikel hits you with a +0 whip of electrocution.
* * * LOW HITPOINT WARNING * * *
You barely miss Pikel.
Pikel hits you with a +0 whip of electrocution!
* * * LOW HITPOINT WARNING * * *
You closely miss Pikel. Pikel hits you but does no damage.
You claw Pikel!
Pikel is heavily wounded.
Pikel hits you with a +0 whip of electrocution.
* * * LOW HITPOINT WARNING * * *
You are electrocuted!!
You die...

#<.....# #...# ######.#
#...# #.# #...### #.#
#†..#.. ######.#
#...#..
#......##########...#..
##.#####............###
#(#####............###
#....@K5..>...........
#######..........)....
#..........#####
#..........#
#..........#####
#...............
#...............
#...............
#...............


You could see Pikel and a lemure.

Vanquished Creatures
  Grinder (D:4)
  An ice beast (D:3)
  2 black bears (D:4)
  A lemure (D:3)
  2 orc priests (D:3)
  A jelly (D:4)
  An orc wizard (D:3)
  6 adders
  An ufetubus (D:4)
  4 worms
  2 dart slugs
  13 orcs
  4 ball pythons
  11 endoplasms
  5 giant cockroaches
  6 goblins
  9 hobgoblins
  7 kobolds
  3 quokkas
  2 bats
  3 frilled lizards (D:2)
  6 rats
91 creatures vanquished.

Notes
Turn   | Place    | Note
-------+----------+-------------------------------------------
     0 | D:1      | cdecastro the Troll Fighter began the quest for the Orb.
     0 | D:1      | Reached XP level 1. HP: 22/22 MP: 0/0
   161 | D:1      | Reached XP level 2. HP: 29/29 MP: 1/1
   811 | D:2      | Reached XP level 3. HP: 36/36 MP: 2/2
  1415 | D:3      | Reached XP level 4. HP: 38/44 MP: 3/3
  1498 | D:3      | Reached skill level 5 in Unarmed Combat
  1811 | D:3      | Reached skill level 3 in Shields
  1811 | D:3      | Reached XP level 5. HP: 42/50 MP: 4/4
  2161 | D:3      | Reached skill level 4 in Shields
  2217 | D:4      | Noticed Grinder
  2236 | D:4      | Paralysed by Grinder for 5 turns
  2244 | D:4      | Killed Grinder
  2245 | D:4      | Reached skill level 5 in Shields
  2245 | D:4      | Reached XP level 6. HP: 43/61 MP: 2/5
  2284 | D:4      | Noticed an ice beast
  2319 | D:4      | Reached XP level 7. HP: 66/67 MP: 6/6
  2377 | D:4      | Reached skill level 6 in Shields
  2399 | D:4      | Found Jaam's Antique Armour Shoppe.
  2403 | D:4      | Noticed Pikel
  2479 | D:3      | HP: 3/67 [Pikel/+0 whip of electrocution (3)]
  2479 | D:3      | Demolished by Pikel

Illustrated notes

Levels and vault maps discovered:
D:1:      minmay_arrival_plants_in_alcoves, layout_basic, kennysheep_doodads
D:2:      layout_basic, minmay_stone_trees_medium, minmay_misc_feat_ornament
D:3:      layout_basic, guppyfry_early_orc_mine
D:4:      layout_cave_pools, nicolae_inconvenience_store, st_stairs_5,
          uniq_grinder, uniq_pikel

Skill      XL: |  1  2  3  4  5  6  7 |
---------------+----------------------+-----
Unarmed Combat | 3 4 5 |  5.0
Shields        | 3 5 6 |  6.5
Fighting       | 3 |  3.2
Dodging        | |  2.4

Action                     |  1- 3 |  4- 6 |  7- 9 || total
---------------------------+-------+-------+-------++-------
  Melee: Unarmed           |   107 |   144 |    46 ||   297
   Stab: Sleeping          |     1 |       |       ||     1
 Armour: Robe              |    21 |    32 |     9 ||    62
  Dodge: Dodged            |    25 |    28 |    16 ||    69
  Block: Kite shield       |    32 |    42 |    19 ||    93
